 Dungeon Crawl Stone Soup version 0.20.0-14-g326068f (webtiles) character file.

2003014 Jmtistic the Minotaur Barricade (level 27, 273/273 HPs)
             Began as a Minotaur Fighter on June 9, 2017.
             Was a High Priest of Okawaru.
             Escaped with the Orb
             ... and 3 runes!
             The game lasted 04:33:08 (53647 turns).

Jmtistic the Minotaur Barricade (Minotaur Fighter) Turns: 53647, Time: 04:33:09

Health: 273/273    AC: 41    Str: 59    XL:     27
Magic:  31/31      EV: 26    Int:  1    God:    Okawaru [*****.]
Gold:   5470       SH: 41    Dex:  6    Spells: 26/26 levels left

rFire    + + +     SeeInvis +   a - +9 broad axe of the Seeker {venom, rPois MR+ Str+6 Dex-5}
rCold    + . .     Gourm    .   O - +8 large shield {rF+}
rNeg     + . .     Faith    .   c - +9 shadow dragon scales of Yesterday {Str+8 Stlth++++}
rPois    +         Spirit   .   (helmet unavailable)
rElec    +         Reflect  .   V - scarf "Jumn" {rF+ SInv Stlth+}
rCorr    +         Harm     .   N - +2 pair of gloves {Str+3}
MR       +++++     Clarity  +   k - +2 pair of boots of the Assassin {Detection Stab+ Stlth++}
Stlth    +++.......             Y - amulet of the Four Winds {rN+ MR+++ Clar}
Regen    0.6/turn               W - ring "Elejie" {+Fly AC+2 Str+4 Slay+3}
MPRegen  0.3/turn               X - ring of Phasing {EV+8}

@: mighty, resistant (expiring), heroism, finesse
A: retaliatory headbutt, horns 3, blurry vision 1, dopey 2, no potion heal 2,
MP-powered wands
0: Orb of Zot
}: 3/15 runes: decaying, serpentine, silver
a: Heroism, Finesse, Renounce Religion, Evoke Flight


You escaped.
You worshipped Okawaru.
Okawaru was extremely pleased with you.
You were full.

You visited 10 branches of the dungeon, and saw 50 of its levels.
You visited the Abyss 2 times.
You also visited: Sewer and Volcano.

You collected 8117 gold pieces.
You spent 2647 gold pieces at shops.

Inventory:

Hand Weapons
 a - the +9 broad axe of the Seeker (weapon) {venom, rPois MR+ Str+6 Dex-5}
   (Okawaru gifted it to you on level 4 of the Lair of Beasts)

   It poisons the flesh of those it strikes.
   It affects your strength (+6).
   It affects your dexterity (-5).
   It protects you from poison.
   It affects your resistance to hostile enchantments.
 M - the +6 broad axe "Hemniugg" {chaos, Int+4 SInv}
   (Okawaru gifted it to you on level 5 of the Realm of Zot)

   Each time it hits an enemy it has a different, random effect.
   It affects your intelligence (+4).
   It lets you see invisible.
Armour
 c - the +9 shadow dragon scales of Yesterday (worn) {Str+8 Stlth++++}
   (Okawaru gifted it to you on level 4 of the Snake Pit)

   It affects your strength (+8).
   It makes you much more stealthy.
 k - the +2 pair of boots of the Assassin (worn) {Detection Stab+ Stlth++}
   (You acquired it on level 5 of the Vaults)

   It makes you much more stealthy.
 y - a +2 hat
 N - a +2 pair of gloves of strength (worn)
 O - a +8 large shield of fire resistance (worn)
 V - the scarf "Jumn" (worn) {rF+ SInv Stlth+}
   (Okawaru gifted it to you on level 6 of the Lair of Beasts)

   It protects you from fire.
   It lets you see invisible.
   It makes you more stealthy.
Jewellery
 l - a +3 ring of evasion
 t - the ring "Quejuarch" {*Tele rElec MR+ Int+4}
   (You found it on level 5 of the Depths)

   [ring of teleportation]

   It may teleport you next to monsters.
   It affects your intelligence (+4).
   It insulates you from electricity.
   It affects your resistance to hostile enchantments.
 u - a +2 ring of evasion
 W - the ring "Elejie" (left hand) {+Fly AC+2 Str+4 Slay+3}
   (You bought it in a shop on level 3 of the Elven Halls)

   [ring of protection]

   It affects your AC (+2).
   It affects your strength (+4).
   It affects your accuracy and damage with ranged weapons and melee attacks
   (+3).
   It lets you fly.
 X - the ring of Phasing (right hand) {EV+8}
   (You found it on level 4 of the Lair of Beasts)

   [ring of evasion]

   It affects your evasion (+8).
 Y - the amulet of the Four Winds (around neck) {rN+ MR+++ Clar}
   (You bought it in a shop on level 3 of the Elven Halls)

   [amulet of nothing]

   It protects you from negative energy.
   It affects your resistance to hostile enchantments.
   It protects you against confusion.
Wands
 p - a wand of paralysis (10/24)
 I - a wand of flame (13/48)
 K - a wand of polymorph (9/24)
Scrolls
 e - 20 scrolls of teleportation
 g - 2 scrolls of holy word {unknown}
 j - 3 scrolls of blinking
 m - 6 scrolls of enchant armour
 o - 27 scrolls of remove curse
 w - 5 scrolls of fog
 z - 15 scrolls of magic mapping
 B - 7 scrolls of recharging
 E - 3 scrolls of brand weapon
 F - 10 scrolls of fear
 H - 7 scrolls of immolation
 L - 7 scrolls of amnesia
 R - 12 scrolls of identify
 S - 10 scrolls of enchant weapon
 T - 3 scrolls of summoning
 U - a scroll of silence {unknown}
 Z - a scroll of torment {unknown}
Potions
 d - a potion of might
 n - 4 potions of ambrosia
 q - 4 potions of heal wounds
 r - 2 potions of magic
 s - 20 potions of curing
 v - a potion of resistance
 x - 4 potions of agility
 A - 3 potions of haste
 C - 9 potions of flight
 G - 7 potions of brilliance
 J - 7 potions of berserk rage
 Q - 4 potions of cancellation
Books
 b - a book of Clouds

   Spells                             Type                      Level
   a - Poisonous Vapours              Poison/Air                   2
   b - Mephitic Cloud                 Conjuration/Poison/Air       3
   c - Conjure Flame                  Conjuration/Fire             3
   d - Freezing Cloud                 Conjuration/Ice/Air          6
   e - Ring of Flames                 Charms/Fire                  7
Comestibles
 f - 18 bread rations
 h - 16 meat rations
 i - 17 royal jellies
 D - 7 fruits


   Skills:
 O Level 27 Fighting
 - Level 19.8(24.8) Axes
 + Level 1.3(6.3) Throwing
 O Level 27 Armour
 + Level 20.5(25.5) Dodging
 - Level 0.5(5.5) Stealth
 O Level 27 Shields
 + Level 1.5(6.5) Unarmed Combat
 - Level 12.5 Invocations
 + Level 1.4 Evocations


You had 26 spell levels left.
You didn't know any spells.

Dungeon Overview and Level Annotations

Branches:
Dungeon (15/15)            Temple (1/1) D:7            Lair (6/6) D:8
  Swamp (4/4) Lair:4        Snake (4/4) Lair:2        Slime (0/5) Lair:6
    Orc (2/2) D:10            Elf (3/3) Orc:2        Vaults (5/5) D:14
  Crypt (0/3) Vaults:3     Depths (5/5) D:15            Zot (5/5) Depths:5

Altars:
Ashenzari
Cheibriados
Dithmenos
Elyvilon
Fedhas
Gozag
Hepliaklqana
Makhleb
Nemelex Xobeh
Okawaru
Qazlal
Sif Muna
Xom
Zin
The Shining One
Beogh
Jiyva

Shops:
D:4 %   D:5 =   D:10 *   D:13 [(   Orc:2 [(?[*   Elf:1 [[}(%   Elf:3 }==
Snake:2 *}   Snake:4 *   Vaults:1 [   Vaults:3 }

Portals:
Hell: Depths:1 Depths:2 Depths:3 Depths:4 Depths:5
Abyss: Depths:4
Pandemonium: Depths:2 Depths:3 Depths:5
Ziggurat: Depths:4

Annotations:
D:5 exclusion: oklob plant
Lair:2 exclusion: 3 oklob plants
Lair:4 exclusion: ice statue
Swamp:3 exclusion: Roxanne, Roxanne
Elf:2 2 runed doors


Innate Abilities, Weirdness & Mutations

You reflexively headbutt those who attack you in melee.
You have a pair of large horns on your head.
Scrolls take you a little longer to read.
You are very dopey. (Int -4)
Potions are poor at restoring your health.
You expend magic power (3 MP) to strengthen your wands.


Message History

You miss Jafiluff. You headbutt Jafiluff!!
Jafiluff is almost dead.
Your shadow dragon scales of Yesterday prevents you from hitting Jafiluff.
Jafiluff is almost dead.
You block Jafiluff's attack.
You miss Jafiluff. Your headbutt misses Jafiluff.
Jafiluff is almost dead.
You closely miss Jafiluff. You headbutt Jafiluff!
You kill Jafiluff!
Okawaru accepts your kill.
A shadow imp comes into view.
You slice the iron imp!!
You kill the iron imp!
You slice the shadow imp!!
You kill the shadow imp!
You see here a robe.
You see here a dagger.
You start to feel less resistant.
There is a staircase leading out of the dungeon here.
You have escaped!

#.#....)##...#
#.....).##...##
##......8.....#
###.........##
##.......##
###.....##
##.....#
###...# ##@##
###


There were no monsters in sight!

Vanquished Creatures
  2 ancient liches (Zot:5)
  4 orbs of fire (Zot:5)
  3 pandemonium lords
  Mara (Vaults:3)
  4 juggernauts
  Sojobo (Vaults:4)
  Boris (Vaults:3)
  the Lernaean hydra (Swamp:4)
  Saint Roka (Vaults:3)
  2 curse toes
  7 Killer Klowns (Zot:5)
  10 caustic shrikes
  20 golden dragons
  A Tzitzimitl (Depths:5)
  A hellephant (Depths:5)
  3 electric golems
  2 liches
  An Ice Fiend (Zot:1)
  16 tentacled monstrosities
  26 Orb Guardians
  2 deep elf blademasters
  6 titans (Vaults:5)
  7 quicksilver dragons
  10 death cobs
  Agnes (Snake:1)
  Frances (Swamp:1)
  4 tentacled starspawn
  The ghost of DasRunzen the Fighter, an adept DsGl of Okawaru (Elf:1)
  11 storm dragons
  9 sphinxes
  Donald (Vaults:4)
  2 thorn hunters (Swamp:4)
  3 draconian monks
  7 shadow dragons
  9 tengu reavers
  17 nagarajas
  15 fire giants
  9 frost giants
  11 vault wardens
  3 draconian knights
  A draconian scorcher (Zot:3)
  4 ghost moths
  5 deep elf sorcerers
  4 iron dragons
  2 deep elf elementalists
  2 draconian shifters
  A draconian annihilator (Zot:1)
  10 ironheart preservers
  14 very ugly things
  24 stone giants
  A spriggan defender (Depths:2)
  An ophan (Abyss:2)
  An entropy weaver (Vaults:3)
  5 starcursed masses
  A war gargoyle (Vaults:5)
  8 deep elf demonologists
  4 white draconians
  A lorocyproca (Depths:2)
  14 deep elf annihilators
  4 green draconians
  5 black draconians
  8 spark wasps
  Nessos (D:14)
  6 red draconians
  7 yellow draconians
  5 purple draconians
  A blizzard demon (Zot:5)
  The ghost of Gargoyl the Cleaver, a journeyman DrAK of Lugonu (D:11)
  14 ettins
  A crystal guardian (Vaults:5)
  6 deep elf death magi
  Snorg (D:11)
  15 fire dragons
  Josephine (D:10)
  11 great orbs of eyes
  6 deep elf high priests
  12 yaktaur captains
  14 ice dragons
  15 naga warriors
  28 hydras
  4 rakshasas
  31 vault guards
  5 spriggan air magi
  A hydra (shapeshifter) (Depths:5)
  6 centaur warriors
  2 ghost crabs (Swamp:3)
  Harold (D:11)
  The ghost of Rrauwl the Basher, a journeyman GrMo of Dithmenos (D:10)
  16 anacondas
  A hell beast (Zot:5)
  8 ogre magi
  29 two-headed ogres
  7 deep troll shamans
  5 alligators
  3 death knights
  A catoblepas (D:13)
  35 dancing weapons
  7 tengu warriors
  2 vampire magi (Vaults:3)
  6 death yaks (Lair:4)
  5 orc high priests
  8 deep troll earth magi
  6 spriggan berserkers
  2 thrashing horrors
  The ghost of Ios the Unseen, a journeyman SpEn of Dithmenos (D:11)
  Sonja (Orc:2)
  10 shock serpents
  A sun demon (Depths:4)
  11 naga sharpshooters
  10 hell knights
  25 deep elf knights
  3 wretched stars
  3 sixfirhies
  3 salamander mystics
  An iron troll (Depths:4)
  4 spriggan druids
  An unseen horror (shapeshifter) (Vaults:4)
  A fire crab (shapeshifter) (Vaults:4)
  7 skeletal warriors
  10 swamp dragons
  A death drake (shapeshifter) (Vaults:5)
  A deep troll (shapeshifter) (Depths:1)
  A quicksilver dragon simulacrum (Depths:1)
  11 deep elf archers
  A shadow wraith (Vaults:4)
  16 deep trolls
  2 wizards
  9 naga ritualists
  6 phantasmal warriors
  4 glowing orange brains
  10 unseen horrors
  4 flayed ghosts
  Pikel (D:9)
  A harpy (shapeshifter) (Depths:2)
  12 ironbrand convokers
  17 orc knights
  A shambling mangrove (Swamp:3)
  11 necromancers
  7 mana vipers
  10 orc sorcerers
  2 frost giant zombies
  14 salamanders
  A stone giant zombie (D:15)
  3 wolf spiders
  66 deep elf magi
  20 ugly things
  8 cyclopes
  2 manticores
  A faun (shapeshifter) (Vaults:5)
  2 fire giant zombies
  A wolf spider (shapeshifter) (Depths:4)
  Maurice (D:13)
  An elephant (shapeshifter) (Vaults:5)
  18 moths of wrath
  9 elephants
  2 fire giant skeletons (Vaults:1)
  A frost giant skeleton (Depths:1)
  7 rust devils
  3 centaur zombies
  51 black mambas
  12 guardian serpents
  13 vault sentinels
  24 naga magi
  2 smoke demons
  2 orange demons
  2 yaktaur zombies (Depths:1)
  24 spiny frogs
  2 hellions
  5 spectral swamp worms (Depths:4)
  3 gargoyles
  3 rime drakes
  A yaktaur (shapeshifter) (Vaults:2)
  7 tengu conjurers
  2 efreet
  6 komodo dragons
  47 yaktaurs
  A rime drake (shapeshifter) (Abyss:2)
  2 ancient zymes (Abyss:2)
  A tormentor (Depths:5)
  9 freezing wraiths
  2 red devils (Depths:5)
  5 hellwings
  A jumping spider (shapeshifter) (Elf:1)
  A polar bear (Lair:6)
  2 ice devils (Depths:5)
  2 trolls (shapeshifter)
  6 large abominations
  7 tyrant leeches
  A hornet (shapeshifter) (Vaults:5)
  21 hornets
  A jumping spider (Vaults:3)
  9 trolls
  19 blink frogs
  A fire dragon zombie (D:15)
  A blink frog (shapeshifter) (Depths:1)
  A dream sheep (shapeshifter) (Depths:5)
  3 raiju (Abyss:2)
  17 bog bodies
  2 hippogriffs (shapeshifter)
  7 dream sheep (Lair:6)
  18 slime creatures
  3 redbacks (Vaults:3)
  21 hippogriffs
  44 yaks
  6 water elementals
  4 air elementals
  An alligator skeleton (Abyss:2)
  2 shadows
  6 wyverns
  Eustachio (D:5)
  An ice dragon skeleton (D:15)
  5 spriggans
  3 ynoxinuls
  2 basilisks (shapeshifter)
  Grum (D:11)
  3 fire elementals
  3 fire bats (Volcano)
  9 wraiths
  An ettin skeleton (Vaults:4)
  8 chaos spawn
  25 vampire mosquitoes
  4 hungry ghosts
  3 steam dragons
  6 neqoxecs
  18 swamp worms
  54 nagas
  6 insubstantial wisps (Swamp:4)
  8 wargs
  An acid dragon (D:13)
  2 soldier ants
  13 water moccasins
  A water moccasin (shapeshifter) (Vaults:5)
  2 floating eyes
  6 porcupines
  A hornet zombie (D:14)
  A human zombie (Vaults:1)
  A phantom (D:11)
  52 orc warriors
  4 sky beasts
  A slave (D:9)
  16 ice beasts
  14 swamp drakes
  A black bear (Lair:4)
  10 boggarts
  2 eyes of draining
  13 centaurs
  24 ogres
  An orc zombie (Vaults:1)
  15 wolves
  20 crocodiles
  An elf skeleton (Vaults:4)
  24 bullfrogs
  4 earth elementals
  2 big kobolds
  11 small abominations
  2 wyvern skeletons
  3 scorpions
  13 killer bees
  16 wights
  2 electric eels (Lair:6)
  7 howler monkeys
  4 bullfrog zombies
  11 crimson imps
  2 lava snakes (Lair:2)
  4 bullfrog skeletons
  22 jellies
  8 hounds
  3 quasits
  26 orc priests
  3 iron imps
  42 orc wizards
  2 centaur skeletons
  Jessica (D:3)
  6 iguanas
  6 worker ants
  7 hell rats (Lair:6)
  A killer bee zombie (D:7)
  A hound skeleton (D:10)
  A worker ant zombie (D:5)
  15 adders
  7 shadow imps
  A white imp (Abyss:2)
  An ufetubus (Abyss:2)
  3 oozes
  2 adder skeletons
  2 adder zombies
  3 worms
  2 dart slugs
  9 leopard geckos
  132 orcs
  6 ball pythons
  7 bats
  8 giant cockroaches
  6 goblins
  8 hobgoblins
  6 jackals
  3 quokkas
  11 frilled lizards
  19 kobolds
  A quokka skeleton (D:6)
  A rat (D:2)
  5 briar patches (Swamp:4)
  6 crawling corpses
  5 fungi
  A lurking horror (Abyss:3)
  10 plants
  4 starspawn tentacles
  A withered plant (D:15)
2388 creatures vanquished.

Vanquished Creatures (others)
  An Orb Guardian (Zot:5)
  A very ugly thing (Vaults:5)
  A shambling mangrove (Swamp:3)
  A moth of wrath (Zot:5)
  A naga mage (Snake:4)
  A demonic crawler (Depths:5)
  A spriggan (Swamp:4)
  A wyvern (Volcano)
  A steam dragon (Volcano)
  A small abomination (Abyss:2)
  A slave (D:9)
  A killer bee (D:12)
  An orc wizard (Vaults:4)
  An orc priest (Orc:2)
  A white imp (Zot:5)
  2 orcs
  2 jackals (D:9)
  2 bushes
  14 fungi
  47 plants
  6 starspawn tentacles
88 creatures vanquished.

Grand Total: 2476 creatures vanquished

Notes
Turn   | Place    | Note
-------+----------+-------------------------------------------
     0 | D:1      | Jmtistic the Minotaur Fighter began the quest for the Orb.
     0 | D:1      | Reached XP level 1. HP: 19/19 MP: 0/0
    57 | D:1      | Reached XP level 2. HP: 13/27 MP: 1/1
   625 | D:2      | Found a snail-covered altar of Cheibriados.
   626 | D:2      | Found a shimmering altar of Xom.
   842 | D:2      | Reached XP level 3. HP: 33/33 MP: 2/2
  1606 | D:3      | Reached XP level 4. HP: 40/40 MP: 3/3
  1707 | D:3      | Noticed an ogre
  1712 | D:3      | Killed an ogre
  1712 | D:3      | Reached skill level 5 in Axes
  1712 | D:3      | Reached skill level 1 in Dodging
  1712 | D:3      | Reached XP level 5. HP: 11/46 MP: 4/4
  2373 | D:3      | Noticed Jessica
  2376 | D:3      | Killed Jessica
  2737 | D:4      | Found Gopeodd's Food Boutique.
  2755 | D:4      | Reached XP level 6. HP: 53/53 MP: 5/5
  3111 | D:4      | Found an opulent altar of Gozag.
  3198 | D:4      | Reached skill level 5 in Armour
  3232 | D:4      | Found a glowing drain.
  3251 | Sewer    | Entered a sewer
  3613 | D:4      | Reached skill level 5 in Shields
  3613 | D:4      | Reached XP level 7. HP: 46/60 MP: 6/6
  4071 | D:5      | Entered Level 5 of the Dungeon
  4099 | D:5      | Found Doatuyfi's Jewellery Shoppe.
  4366 | D:5      | Noticed Eustachio
  4388 | D:5      | Killed Eustachio
  4388 | D:5      | Reached XP level 8. HP: 67/67 MP: 7/7
  4451 | D:5      | Reached skill level 5 in Fighting
  4576 | D:5      | Found a blossoming altar of Fedhas.
  4593 | D:5      | Noticed an oklob plant
  4829 | D:6      | Noticed a hippogriff
  4836 | D:6      | Killed a hippogriff
  4856 | D:6      | Reached skill level 10 in Axes
  4863 | D:6      | Found a stormy altar of Qazlal.
  4974 | D:6      | Reached XP level 9. HP: 60/74 MP: 8/8
  5458 | D:7      | Found a staircase to the Ecumenical Temple.
  5467 | Temple   | Entered the Ecumenical Temple
  5583 | Temple   | Became a worshipper of Warmaster Okawaru
  5706 | D:7      | Found a white marble altar of Elyvilon.
  5751 | D:7      | Found Vamay's Jewellery Boutique.
  6150 | D:7      | Found a burning altar of Makhleb.
  6153 | D:7      | Found a glowing silver altar of Zin.
  6153 | D:7      | Noticed a green death
  6153 | D:7      | Noticed an angel
  6237 | D:8      | Noticed a two-headed ogre
  6243 | D:8      | Killed a two-headed ogre
  6243 | D:8      | Reached * piety under Okawaru
  6243 | D:8      | Reached XP level 10. HP: 83/84 MP: 9/9
  6404 | D:8      | Found a viscous altar of Jiyva.
  6469 | D:8      | Reached ** piety under Okawaru
  6496 | D:8      | Noticed a two-headed ogre
  6508 | D:8      | Killed a two-headed ogre
  6749 | D:8      | Found a staircase to the Lair.
  6792 | D:8      | Noticed a gargoyle
  6800 | D:8      | Killed a gargoyle
  6812 | D:8      | Reached *** piety under Okawaru
  7173 | D:9      | Noticed Pikel
  7236 | D:9      | Killed Pikel
  7290 | D:9      | Found a deep blue altar of Sif Muna.
  7428 | D:9      | Found a glowing golden altar of the Shining One.
  7450 | D:9      | Reached **** piety under Okawaru
  7724 | D:10     | Entered Level 10 of the Dungeon
  7788 | D:10     | Killed an unseen horror
  7788 | D:10     | Reached XP level 11. HP: 83/94 MP: 10/10
  7838 | D:10     | Noticed Josephine
  7848 | D:10     | Killed Josephine
  7848 | D:10     | Reached skill level 15 in Axes
  7861 | D:10     | Reached ***** piety under Okawaru
  8019 | D:10     | Noticed Rrauwl's ghost (journeyman GrMo)
  8043 | D:10     | Killed Rrauwl's ghost
  8362 | D:10     | Noticed a two-headed ogre
  8376 | D:10     | Killed a two-headed ogre
  8376 | D:10     | Received a gift from Okawaru
  8379 | D:10     | Got a bloodstained hat {god gift}
  8385 | D:10     | Identified the +0 hat "Liseg" {*Drain Str-3 Dex+8 SInv} (Okawaru gifted it to you on level 10 of the Dungeon)
  8571 | D:10     | Found a hazy altar of Hepliaklqana.
  8615 | D:10     | Found Xibb's Assorted Antiques.
  8618 | D:10     | Bought a scroll of enchant weapon for 187 gold pieces
  8618 | D:10     | Bought a scroll of enchant armour for 187 gold pieces
  8618 | D:10     | Bought a scroll of identify for 50 gold pieces
  8636 | D:10     | Found a staircase to the Orcish Mines.
  8682 | D:10     | Found a roughly hewn altar of Beogh.
  8977 | Lair:1   | Entered Level 1 of the Lair of Beasts
  9285 | Lair:1   | Found a dark tunnel.
  9290 | Volcano  | Entered a volcano
  9324 | Volcano  | Noticed a two-headed ogre
  9337 | Volcano  | Killed a two-headed ogre
  9337 | Volcano  | Reached XP level 12. HP: 106/106 MP: 8/11
  9471 | Volcano  | Reached skill level 10 in Shields
  9509 | Volcano  | Noticed a two-headed ogre
  9521 | Volcano  | Killed a two-headed ogre
  9521 | Volcano  | Reached skill level 10 in Fighting
  9597 | Volcano  | Noticed a two-headed ogre
  9598 | Volcano  | Noticed a two-headed ogre
  9608 | Volcano  | Killed a two-headed ogre
  9608 | Volcano  | Reached skill level 1 in Invocations
  9610 | Volcano  | Noticed a two-headed ogre
  9612 | Volcano  | Killed a two-headed ogre
  9616 | Volcano  | Killed a two-headed ogre
  9737 | Volcano  | Received a gift from Okawaru
  9806 | Volcano  | Noticed a fire dragon
  9827 | Volcano  | Killed a fire dragon
 10248 | Lair:2   | Reached skill level 10 in Armour
 10603 | Lair:2   | Found a staircase to the Snake Pit.
 11216 | Lair:3   | Reached XP level 13. HP: 94/114 MP: 14/14
 12066 | Lair:4   | Reached ****** piety under Okawaru
 12113 | Lair:4   | Found a staircase to the Swamp.
 12228 | Lair:4   | Received a gift from Okawaru
 12231 | Lair:4   | Got a translucent broad axe {god gift}
 12233 | Lair:4   | Identified the +9 broad axe of the Seeker {venom, rPois MR+ Str+6 Dex-5} (Okawaru gifted it to you on level 4 of the Lair of Beasts)
 12549 | Lair:4   | Reached skill level 5 in Invocations
 12789 | Lair:5   | Got a scorched leather armour
 12808 | Lair:5   | Identified the +1 leather armour "Moil Amme" {+Inv} (You found it on level 5 of the Lair of Beasts)
 13458 | Lair:5   | Received a gift from Okawaru
 13765 | Lair:6   | Entered Level 6 of the Lair of Beasts
 14122 | Lair:6   | Reached XP level 14. HP: 120/126 MP: 18/18
 14226 | Lair:6   | Received a gift from Okawaru
 14238 | Lair:6   | Got a smoking scarf {god gift}
 14381 | Lair:5   | Identified the scarf "Jumn" {rF+ SInv Stlth+} (Okawaru gifted it to you on level 6 of the Lair of Beasts)
 14600 | Lair:6   | Found a staircase to the Slime Pits.
 15680 | Orc:1    | Entered Level 1 of the Orcish Mines
 15680 | Orc:1    | Noticed a stone giant
 15683 | Orc:1    | Paralysed by an orc sorcerer for 5 turns
 15787 | Orc:1    | Killed a stone giant
 15963 | Orc:1    | Found a shimmering altar of Xom.
 16097 | Orc:1    | Received a gift from Okawaru
 16102 | Orc:1    | Got a bloodstained chain mail {god gift}
 16114 | Orc:1    | Identified the +6 chain mail of Fiuk {+Fly SInv} (Okawaru gifted it to you on level 1 of the Orcish Mines)
 16272 | Orc:2    | Entered Level 2 of the Orcish Mines
 16275 | Orc:2    | Noticed Sonja
 16296 | Orc:2    | Cast into level 2 of the Abyss (Sonja)
 16369 | Abyss:2  | Noticed a tentacled starspawn
 16373 | Abyss:2  | Killed a tentacled starspawn
 16432 | Abyss:2  | Noticed an ophan
 16443 | Abyss:2  | Killed an ophan
 16677 | Abyss:2  | Noticed a starcursed mass
 16692 | Abyss:2  | Killed a starcursed mass
 16744 | Abyss:2  | Got a crude plate armour
 16756 | Abyss:2  | Identified the +10 plate armour "Lustryppu" {+Fly Int+2} (You found it on level 2 of the Abyss)
 16775 | Abyss:2  | Noticed a tentacled starspawn
 16781 | Abyss:2  | Killed a tentacled starspawn
 16781 | Abyss:2  | Reached XP level 15. HP: 135/136 MP: 20/20
 16789 | Orc:2    | Escaped the Abyss
 16843 | Orc:2    | Killed Sonja
 16892 | Orc:2    | Found Nouwkioxa's General Store.
 16910 | Orc:2    | Bought a scroll of identify for 26 gold pieces
 16910 | Orc:2    | Bought a potion of resistance for 130 gold pieces
 17077 | Orc:2    | Found a staircase to the Elven Halls.
 17182 | Orc:2    | Found Onuocoov's Antique Armour Shoppe.
 17267 | Orc:2    | Found Foxidd Wijyu's Antique Weapon Boutique.
 17277 | Orc:2    | Found Umaeng's Armour Boutique.
 17343 | Orc:2    | Found Amifracw's Magic Scroll Shoppe.
 17351 | Orc:2    | Bought a scroll of identify for 30 gold pieces
 17351 | Orc:2    | Bought a scroll of identify for 30 gold pieces
 17377 | Orc:2    | Bought a pair of glowing boots for 217 gold pieces
 17545 | Elf:1    | Entered Level 1 of the Elven Halls
 17560 | Elf:1    | Noticed DasRunzen's ghost (adept DsGl)
 17598 | Elf:1    | Killed DasRunzen's ghost
 17598 | Elf:1    | Received a gift from Okawaru
 17599 | Elf:1    | Got an encrusted plate armour {god gift}
 17638 | Orc:2    | Identified the +1 plate armour of the Frog {-Tele rF++ Int+4} (Okawaru gifted it to you on level 1 of the Elven Halls)
 17984 | Elf:1    | Found Feuttael's Antique Weapon Shoppe.
 18297 | Elf:1    | Reached skill level 10 in Invocations
 18308 | Elf:1    | Found Qimyissi's Food Shop.
 18407 | Elf:1    | Reached skill level 15 in Fighting
 18460 | Elf:1    | Found Mosuimon's Gadget Shoppe.
 18474 | Elf:1    | Found Bukkypp's Armour Boutique.
 18521 | Elf:1    | Bought a +0 large shield for 63 gold pieces
 18565 | Elf:1    | Received a gift from Okawaru
 18681 | Elf:1    | Found Ipradioc's Antique Armour Shoppe.
 18691 | Elf:1    | Bought a pair of glowing gloves for 202 gold pieces
 18703 | Elf:1    | Bought a runed cloak for 202 gold pieces
 18715 | Elf:1    | Bought a pair of glowing gloves for 202 gold pieces
 19304 | Elf:2    | Reached XP level 16. HP: 147/149 MP: 22/22
 19430 | Elf:2    | Got a transparent cloak
 19431 | Elf:2    | Identified the cursed +0 cloak "Eghugoint" {Int+3} (You found it on level 2 of the Elven Halls)
 19681 | Elf:2    | Found a large runed door.
 19681 | Elf:2    | Found a large runed door.
 19694 | Elf:2    | Found a large runed door.
 19694 | Elf:2    | Found a large runed door.
 19754 | Elf:2    | Reached skill level 15 in Shields
 20030 | Elf:2    | Noticed a deep elf blademaster
 20046 | Elf:2    | Killed a deep elf blademaster
 20046 | Elf:2    | Received a gift from Okawaru
 20320 | Elf:3    | Entered Level 3 of the Elven Halls
 21020 | Elf:3    | Noticed a deep elf blademaster
 21039 | Elf:3    | Killed a deep elf blademaster
 21042 | Elf:3    | Reached XP level 17. HP: 128/160 MP: 17/24
 21058 | Elf:3    | Received a gift from Okawaru
 21104 | Elf:3    | Cast into level 3 of the Abyss (a deep elf sorcerer)
 21412 | Elf:3    | Escaped the Abyss
 21994 | Elf:3    | Identified the Volume of Dusty Talismans
 22223 | Elf:3    | Identified Tafuypp's Collected Works on the Enchanting Compass
 22588 | Elf:3    | Found Tyziogee's Jewellery Shop.
 22589 | Elf:3    | Found Nihucrik's Gadget Shoppe.
 22591 | Elf:3    | Found Bimik's Jewellery Shop.
 22598 | Elf:3    | Bought the ring "Elejie" {+Fly AC+2 Str+4 Slay+3} for 401 gold pieces
 22598 | Elf:3    | Bought the amulet of the Four Winds {rN+ MR+++ Clar} for 439 gold pieces
 23187 | Swamp:1  | Entered Level 1 of the Swamp
 23197 | Swamp:1  | Noticed Frances
 23210 | Swamp:1  | Killed Frances
 23430 | Swamp:1  | Received a gift from Okawaru
 24683 | Swamp:3  | Noticed Roxanne
 24902 | Swamp:3  | Received a gift from Okawaru
 24952 | Swamp:3  | Found a blossoming altar of Fedhas.
 25397 | Swamp:3  | Reached XP level 18. HP: 171/171 MP: 26/26
 25403 | Swamp:4  | Entered Level 4 of the Swamp
 25854 | Swamp:4  | Received a gift from Okawaru
 26613 | Swamp:4  | Noticed the 27-headed Lernaean hydra
 26620 | Swamp:4  | Killed the 26-headed Lernaean hydra
 26625 | Swamp:4  | Got a decaying rune of Zot
 27170 | Snake:1  | Entered Level 1 of the Snake Pit
 27571 | Snake:1  | Reached skill level 15 in Armour
 27584 | Snake:1  | Reached skill level 5 in Dodging
 27618 | Snake:1  | Received a gift from Okawaru
 28031 | Snake:1  | Noticed Agnes
 28044 | Snake:1  | Killed Agnes
 28783 | Snake:2  | Found Keraoferha's Gadget Emporium.
 28847 | Snake:2  | Found Puwn's General Store.
 28855 | Snake:2  | Bought a potion of resistance for 170 gold pieces
 28855 | Snake:2  | Bought a scroll of identify for 34 gold pieces
 28855 | Snake:2  | Bought a potion of curing for 51 gold pieces
 29798 | Snake:3  | Reached XP level 19. HP: 181/181 MP: 27/27
 30531 | Snake:4  | Entered Level 4 of the Snake Pit
 30565 | Snake:4  | Found Jopoin's General Store.
 30572 | Snake:4  | Found a burning altar of Makhleb.
 30573 | Snake:4  | Bought a scroll of identify for 26 gold pieces
 30582 | Snake:4  | Identified a scroll of acquirement
 30602 | Snake:4  | Reached skill level 1 in Throwing
 30602 | Snake:4  | Reached skill level 1 in Unarmed Combat
 30602 | Snake:4  | Reached skill level 1 in Evocations
 30602 | Snake:4  | Reached XP level 20. HP: 191/191 MP: 28/28
 30603 | Snake:4  | Reached XP level 21. HP: 198/198 MP: 29/29
 30621 | Snake:4  | Received a gift from Okawaru
 30633 | Snake:4  | Got bronze shadow dragon scales {god gift}
 30647 | Snake:4  | Identified the +9 shadow dragon scales of Yesterday {Str+8 Stlth++++} (Okawaru gifted it to you on level 4 of the Snake Pit)
 31048 | Snake:4  | Received a gift from Okawaru
 31133 | Snake:4  | Got a serpentine rune of Zot
 32137 | D:11     | Noticed Harold
 32146 | D:11     | Killed Harold
 32176 | D:11     | Noticed Snorg
 32177 | D:11     | Noticed Ios's ghost (journeyman SpEn)
 32194 | D:11     | Killed Snorg
 32197 | D:11     | Killed Ios's ghost
 32202 | D:11     | Noticed Grum
 32211 | D:11     | Killed Grum
 32635 | D:11     | Noticed Gargoyl's ghost (journeyman DrAK)
 32647 | D:11     | Killed Gargoyl's ghost
 33553 | D:13     | Found Qiohyk's Armour Boutique.
 33639 | D:13     | Reached XP level 22. HP: 207/209 MP: 30/30
 33680 | D:13     | Noticed Maurice
 33690 | D:13     | Killed Maurice
 33874 | D:13     | Found Neosh's Antique Weapon Emporium.
 34294 | D:14     | Found a gate to the Vaults.
 34301 | D:14     | Reached skill level 10 in Dodging
 34340 | D:14     | Noticed Nessos
 34342 | D:14     | Killed Nessos
 34946 | D:15     | Entered Level 15 of the Dungeon
 34950 | D:15     | Found a staircase to the Depths.
 35134 | D:15     | Received a gift from Okawaru
 35582 | Vaults:1 | Entered Level 1 of the Vaults
 35944 | Vaults:1 | Found Ystead's Armour Boutique.
 38191 | Vaults:3 | Found Idghui's Gadget Boutique.
 38310 | Vaults:3 | Found a staircase to the Crypt.
 38442 | Vaults:3 | Received a gift from Okawaru
 38476 | Vaults:3 | Noticed Boris
 38490 | Vaults:3 | Killed Boris
 38500 | Vaults:3 | Noticed Mara
 38506 | Vaults:3 | Killed Mara
 38523 | Vaults:3 | Noticed Saint Roka
 38535 | Vaults:3 | Killed Saint Roka
 38535 | Vaults:3 | Reached XP level 23. HP: 163/221 MP: 24/31
 38979 | Vaults:4 | Noticed Donald
 38985 | Vaults:4 | Killed Donald
 39184 | Vaults:4 | Noticed Sojobo
 39201 | Vaults:4 | Killed Sojobo
 39373 | Vaults:4 | Received a gift from Okawaru
 40290 | Vaults:5 | Entered Level 5 of the Vaults
 40332 | Vaults:5 | Received a gift from Okawaru
 40424 | Vaults:5 | Received a gift from Okawaru
 40618 | Vaults:5 | Reached XP level 24. HP: 171/235 MP: 28/31
 41023 | Vaults:5 | Got an ancient bronze ring
 41024 | Vaults:5 | Identified the Collected Works on Sinister Execration
 41026 | Vaults:5 | Identified the ring "Doirhucs" {+Inv rF+ EV+3} (You found it on level 5 of the Vaults)
 41543 | Vaults:5 | Received a gift from Okawaru
 41574 | Vaults:5 | Identified Efusuh's Compendium of the Supportive Mountains
 41607 | Vaults:5 | Got a pitted war axe
 41608 | Vaults:5 | Identified the +1 war axe "Beetle's Nightmare" {freeze, Str+6} (You acquired it on level 5 of the Vaults)
 41714 | Vaults:5 | Identified Dithrewau's Almanac of Illusion and Beguiling
 41735 | Vaults:5 | Got a silver rune of Zot
 42574 | Vaults:5 | Got a dazzling war axe {protect}
 42576 | Vaults:5 | Identified the +5 war axe of Makhleb's Pride {protect, +Inv Str-2 Int+5} (You took it off a vault warden on level 5 of the Vaults)
 42983 | Depths:1 | Entered Level 1 of the Depths
 42983 | Depths:1 | Found a huge runed gate.
 42983 | Depths:1 | Found a huge runed gate.
 42983 | Depths:1 | Found a huge runed gate.
 42983 | Depths:1 | Found a huge runed gate.
 42983 | Depths:1 | Found a huge runed gate.
 42991 | Depths:1 | Received a gift from Okawaru
 43011 | Depths:1 | Found a huge runed gate.
 43011 | Depths:1 | Found a huge runed gate.
 43013 | Depths:1 | Found a huge runed gate.
 43103 | Depths:1 | Found a gateway to Hell.
 43414 | Depths:1 | Found a huge runed gate.
 43416 | Depths:1 | Found a huge runed gate.
 43416 | Depths:1 | Found a huge runed gate.
 43418 | Depths:1 | Found a huge runed gate.
 43471 | Depths:1 | Found a huge runed gate.
 43477 | Depths:1 | Found a huge runed gate.
 43477 | Depths:1 | Found a huge runed gate.
 43477 | Depths:1 | Found a huge runed gate.
 43477 | Depths:1 | Found a huge runed gate.
 43477 | Depths:1 | Found a huge runed gate.
 43482 | Depths:1 | Found a huge runed gate.
 43483 | Depths:1 | Found a huge runed gate.
 43485 | Depths:1 | Found a huge runed gate.
 43486 | Depths:1 | Found a huge runed gate.
 44088 | Depths:2 | Received a gift from Okawaru
 44184 | Depths:2 | Reached XP level 25. HP: 209/247 MP: 31/31
 44758 | Depths:2 | Found a one-way gate leading to the halls of Pandemonium.
 44978 | Depths:2 | Received a gift from Okawaru
 45464 | Depths:3 | Noticed a juggernaut
 45477 | Depths:3 | Killed a juggernaut
 45973 | Depths:4 | Reached skill level 27 in Shields
 46056 | Depths:4 | Found a gateway to a ziggurat.
 46193 | Depths:4 | Noticed a juggernaut
 46198 | Depths:4 | Killed a juggernaut
 46291 | Depths:4 | Received a gift from Okawaru
 46771 | Depths:4 | Found a one-way gate to the infinite horrors of the Abyss.
 47052 | Depths:5 | Entered Level 5 of the Depths
 47069 | Depths:5 | Reached XP level 26. HP: 262/262 MP: 31/31
 47210 | Depths:5 | Received a gift from Okawaru
 47217 | Depths:5 | Got a smoking hand axe {god gift}
 47238 | Depths:5 | Identified the +1 hand axe "Huniup" {protect, Int+4} (Okawaru gifted it to you on level 5 of the Depths)
 47260 | Depths:5 | Found a sparkling altar of Nemelex Xobeh.
 47260 | Depths:5 | Found a shattered altar of Ashenzari.
 47261 | Depths:5 | Found a blossoming altar of Fedhas.
 47410 | Depths:5 | Noticed a juggernaut
 47415 | Depths:5 | Noticed a juggernaut
 47423 | Depths:5 | Reached skill level 27 in Fighting
 47431 | Depths:5 | Killed a juggernaut
 47440 | Depths:5 | Killed a juggernaut
 47752 | Depths:5 | Got a brightly glowing golden ring
 47782 | Depths:5 | Identified the ring "Quejuarch" {*Tele rElec MR+ Int+4} (You found it on level 5 of the Depths)
 47880 | Depths:5 | Received a gift from Okawaru
 48198 | Depths:5 | Found a gate to the Realm of Zot.
 48258 | Zot:1    | Entered Level 1 of the Realm of Zot
 48841 | Zot:1    | Received a gift from Okawaru
 49081 | Zot:2    | Reached XP level 27. HP: 233/273 MP: 27/31
 50180 | Zot:3    | Reached skill level 15 in Dodging
 50777 | Zot:3    | Received a gift from Okawaru
 51489 | Zot:5    | Entered Level 5 of the Realm of Zot
 51659 | Zot:5    | Received a gift from Okawaru
 51668 | Zot:5    | Got an encrusted broad axe {god gift}
 51669 | Zot:5    | Identified the +6 broad axe "Hemniugg" {chaos, Int+4 SInv} (Okawaru gifted it to you on level 5 of the Realm of Zot)
 51921 | Zot:5    | Noticed an ancient lich
 51929 | Zot:5    | Killed an ancient lich
 52042 | Zot:5    | Noticed an orb of fire
 52066 | Zot:5    | Killed an orb of fire
 52125 | Zot:5    | Noticed an ancient lich
 52130 | Zot:5    | Noticed an orb of fire
 52132 | Zot:5    | Noticed an orb of fire
 52139 | Zot:5    | Gained mutation: You are frail. (-10% HP) [an orb of fire]
 52140 | Zot:5    | Gained mutation: Potions are less effective at restoring your health. [an orb of fire]
 52143 | Zot:5    | Killed an ancient lich
 52147 | Zot:5    | Gained mutation: You have a pair of large horns on your head. [an orb of fire]
 52149 | Zot:5    | Killed an orb of fire
 52149 | Zot:5    | Received a gift from Okawaru
 52151 | Zot:5    | Killed an orb of fire
 52155 | Zot:5    | Reached skill level 27 in Armour
 52338 | Zot:5    | Gained mutation: You expend magic power (3 MP) to strengthen your wands. [a Zot trap]
 52448 | Zot:5    | Received a gift from Okawaru
 52534 | Zot:5    | Noticed an orb of fire
 52545 | Zot:5    | Gained mutation: You are dopey. (Int -2) [an orb of fire]
 52550 | Zot:5    | Killed an orb of fire
 52745 | Zot:5    | Got the Orb of Zot
 52863 | Zot:3    | Noticed Owka the pandemonium lord
 53065 | Depths:5 | Gained mutation: You are very dopey. (Int -4) [a neqoxec]
 53066 | Depths:5 | Gained mutation: Scrolls take you a little longer to read. [a neqoxec]
 53071 | Depths:5 | Lost mutation: You are frail. (-10% HP) [a neqoxec]
 53087 | Depths:5 | Gained mutation: Potions are poor at restoring your health. [a neqoxec]
 53095 | Depths:5 | Lost intelligence.
 53109 | Depths:5 | Received a gift from Okawaru
 53124 | Depths:5 | Noticed Capsuwusch the pandemonium lord
 53127 | Depths:5 | Noticed Coxupsakaf the pandemonium lord
 53138 | Depths:5 | Killed Capsuwusch the pandemonium lord
 53148 | Depths:5 | Killed Coxupsakaf the pandemonium lord
 53238 | Depths:4 | Noticed Dyuxeah the pandemonium lord
 53604 | D:1      | Noticed Jafiluff the pandemonium lord
 53616 | D:1      | Killed Jafiluff the pandemonium lord
 53647 | D:$      | Escaped with the Orb!

Skill      XL: |  1  2  3  4  5  6  7  8  9 10 11 12 13 14 15 16 17 18 19 20 21 22 23 24 25 26 27 |
---------------+----------------------------------------------------------------------------------+-----
Axes           | 3 4 5 6 8 10 12 14 16 17 18 19 | 19.8
Fighting       | 4 5 6 8 9 10 12 13 15 16 17 18 19 20 21 23 24 26 27 | 27.0
Armour         | 4 5 6 7 8 9 10 11 12 13 14 15 16 17 18 20 23 27 | 27.0
Shields        | 4 5 6 8 9 11 12 13 14 16 17 19 20 22 23 25 26 27 | 27.0
Dodging        | 1 2 3 6 7 8 9 11 12 14 20 | 20.5
Invocations    | 3 6 8 10 11 12 | 12.5
Throwing       | 1 |  1.3
Unarmed Combat | 1 |  1.5
Evocations     | 1 |  1.4
Stealth        | |  0.5

Action                   |  1- 3 |  4- 6 |  7- 9 | 10-12 | 13-15 | 16-18 | 19-21 | 22-24 | 25-27 || total
-------------------------+-------+-------+-------+-------+-------+-------+-------+-------+-------++-------
Melee: War axe           |    90 |   173 |   237 |   642 |   111 |   168 |       |       |       ||  1421
       Headbutt          |    10 |    18 |    30 |   157 |   177 |   255 |   119 |   395 |   356 ||  1517
       Unarmed           |       |       |       |     2 |       |       |       |       |       ||     2
       Broad axe         |       |       |       |       |   804 |   981 |   479 |  1172 |  1226 ||  4662
Invok: Heroism           |       |       |       |     8 |    11 |    14 |     4 |    10 |    28 ||    75
       Finesse           |       |       |       |       |     9 |    12 |     4 |    10 |    26 ||    61
 Abil: Evoke Invisibilit |       |       |       |       |     2 |       |       |       |       ||     2
       Evoke Flight      |       |       |       |       |     1 |       |       |       |       ||     1
  Use: Scroll            |       |       |    11 |    13 |     5 |    11 |    16 |     7 |     2 ||    65
       Potion            |       |       |       |       |       |     9 |     2 |     5 |    10 ||    26
 Stab: Sleeping          |       |       |       |       |       |       |     7 |    29 |    27 ||    63
       Distracted        |       |       |       |       |       |       |     1 |     4 |     2 ||     7
       Paralysed         |       |       |       |       |       |       |       |       |     1 ||     1
  Eat: Chunk             |     2 |     5 |     6 |    17 |     1 |     8 |     2 |     9 |    11 ||    61
       Royal jelly       |       |     1 |       |       |       |       |       |     1 |       ||     2
       Bread ration      |       |       |     1 |       |     3 |     3 |     1 |     4 |     2 ||    14
       Meat ration       |       |       |       |     1 |     1 |     1 |     1 |     1 |     3 ||     8
       Fruit             |       |       |       |       |     5 |    11 |       |     3 |       ||    19
Armor: Scale mail        |    53 |    69 |     8 |       |       |       |       |       |       ||   130
       Chain mail        |       |       |    81 |   200 |   184 |       |       |       |       ||   465
       Plate armour      |       |       |       |       |    69 |   355 |    20 |       |       ||   444
       Shadow dragon sca |       |       |       |       |       |       |    42 |   115 |   190 ||   347
Dodge: Dodged            |    32 |    71 |    60 |   118 |   252 |   347 |   118 |   194 |   290 ||  1482
Block: Shield            |    64 |    88 |   108 |   286 |   431 |       |       |       |       ||   977
       Large shield      |       |       |       |       |    23 |  1143 |   599 |  1234 |  1320 ||  4319
